 Dungeon Crawl Stone Soup version 0.24.1-14-gf8d2b509d9 (webtiles) character file.

Game seed: 9508891300361307914, levelgen mode: deterministic

674 mortelune the Grave Robber (level 7, -4/53 HPs)
             Began as a Mummy Necromancer on Aug 15, 2020.
             Killed by divine providence
             ... invoked by an orc priest
              (11 damage)
             ... on level 4 of the Dungeon.
             The game lasted 00:13:35 (5928 turns).

mortelune the Grave Robber (Mummy Necromancer)      Turns: 5928, Time: 00:13:36

Health: -4/53      AC:  5    Str: 15    XL:     7   Next: 33%
Magic:  6/15       EV: 12    Int: 16    God:
Gold:   166        SH:  0    Dex: 12    Spells: 7/16 levels left

rFire    . . .     SeeInvis .   o - +4 flail
rCold    + + .     Gourm    .   (no shield)
rNeg     + + +     Faith    .   a - +1 robe
rPois    ∞         Spirit   .   f - +2 hat
rElec    .         Reflect  .   l - scarf {rC+ rF+}
rCorr    .         Harm     .   (no gloves)
MR       .....                  (no boots)
Stlth    ++........             (no amulet)
HPRegen  0.17/turn              i - +3 ring of strength
MPRegen  0.14/turn              P - ring of poison resistance

@: no status effects
A: no food or potions, fire vulnerability, cold resistance 1, negative energy
resistance 3, torment resistance, unbreathing
a: no special abilities


You were on level 4 of the Dungeon.
You were not hungry.

You visited 1 branch of the dungeon, and saw 4 of its levels.

You collected 166 gold pieces.

Inventory:

Hand Weapons
 b - a +0 dagger
 h - a +0 short sword
 o - a +4 flail (weapon)
Armour
 a - a +1 robe (worn)
 f - a +2 hat (worn)
 g - a +0 chain mail
 j - a +2 hat
 l - a scarf of resistance (worn)
Jewellery
 i - a +3 ring of strength (left hand)
 p - an uncursed amulet of guardian spirit {unknown}
 P - a ring of poison resistance (right hand)
Scrolls
 c - a scroll of blinking {unknown}
 d - 4 scrolls of remove curse
 e - 3 scrolls of enchant armour
 k - a scroll of noise {unknown}
 m - a scroll of identify {unknown}
 n - a scroll of random uselessness {unknown}
 t - 2 scrolls of teleportation


   Skills:
 + Level 3.7 Fighting
 - Level 1.5 Dodging
 - Level 1.5 Stealth
 + Level 5.4 Spellcasting
 * Level 7.0 Necromancy


You had 7 spell levels left.
You knew the following spells:

 Your Spells              Type           Power        Failure   Level  Hunger
a - Pain                  Necr           ####         1%          1    N/A
b - Animate Skeleton      Necr           N/A          1%          1    N/A
c - Vampiric Draining     Necr           ####......   2%          3    N/A
d - Animate Dead          Necr           N/A          9%          4    N/A

Your spell library contained the following spells:

 Spells                   Type           Power        Failure   Level  Hunger
 Regeneration             Chrm/Necr      Unusable     N/A         3    N/A

Dungeon Overview and Level Annotations

Branches:
Dungeon (4/15)
 Temple: D:4-7

Altars:
Beogh

Annotations:
D:3 4 runed translucent doors, Crazy Yiuf; Kono's ghost, amateur GrMo


Innate Abilities, Weirdness & Mutations

You do not eat or drink.
Your flesh is vulnerable to fire.
You are immune to poison.
Your flesh is cold resistant. (rC+)
You are immune to negative energy. (rN+++)
You are immune to unholy pain and torment.
You can survive without breathing.


Message History

Beogh smites you!
* * * LOW HITPOINT WARNING * * *
Casting: Vampiric Draining (safe; 2% risk of failure)
Confirm with . or Enter, or press ? or * to list all spells.
Aiming: Pain (safe; 1% risk of failure)
Press: ? - help, Shift-Dir - straight line, f - orc
Aim: an orc, wearing a cursed +0 leather armour (chance to defeat MR: 93%)
The orc writhes in agony!
You kill the orc!
The orc priest calls upon Beogh to heal the orc priest.
The orc priest is healed somewhat.
Casting: Pain (safe; 1% risk of failure)
Confirm with . or Enter, or press ? or * to list all spells.
Aiming: Pain (safe; 1% risk of failure)
Press: ? - help, Shift-Dir - straight line, f - orc priest
Aim: an orc priest, wielding a +0 short sword (chance to defeat MR: 84%)
The orc priest barely resists.
The orc priest invokes the aid of Beogh against you.
Beogh smites you!
You die...

############ #..........#
#..........####
####..........##.#
#########...>.....######.#
..........######..######.##
......oo[.@................
........#######..#######..#
......!...#######.## #...
#o######.........!# #.#.
#.# #######..#.###### #.#.
#.# #.##..†...###>#. #.#
#.#######..##.#. #.# ..#
##.##.#. ###.# ###.#
#..#...


You could see 2 orc priests.

Vanquished Creatures
  2 ogres
  3 scorpions (D:4)
  A hound (D:4)
  4 orc wizards
  Terence (D:3)
  An iguana (D:4)
  6 adders
  2 oozes
  2 worms
  A dart slug (D:1)
  2 leopard geckos (D:1)
  9 orcs (D:4)
  8 bats
  4 giant cockroaches
  7 goblins
  6 hobgoblins
  8 jackals
  9 kobolds
  4 quokkas
  A ball python (D:4)
  6 frilled lizards
  16 rats
103 creatures vanquished.

Notes
Turn   | Place    | Note
-------+----------+-------------------------------------------
     0 | D:1      | mortelune the Mummy Necromancer began the quest for the
                  | Orb.
     0 | D:1      | Reached XP level 1. HP: 13/13 MP: 4/4
   320 | D:1      | Reached XP level 2. HP: 20/20 MP: 1/5
   616 | D:1      | Reached skill level 1 in Fighting
  1221 | D:1      | Learned a level 1 spell: Animate Skeleton
  1293 | D:1      | Reached XP level 3. HP: 26/26 MP: 0/7
  1982 | D:2      | Learned a level 3 spell: Vampiric Draining
  2454 | D:2      | Reached XP level 4. HP: 28/32 MP: 2/9
  2594 | D:2      | You fall into a shaft and drop 2 floors!
  2595 | D:4      | Noticed an ogre
  2604 | D:4      | Noticed an ogre
  2633 | D:3      | Reached skill level 5 in Necromancy
  2935 | D:3      | Learned a level 4 spell: Animate Dead
  2967 | D:3      | Found a runed translucent gate.
  3008 | D:3      | Noticed Terence
  3606 | D:3      | Reached XP level 5. HP: 35/38 MP: 2/10
  3864 | D:3      | Killed Terence
  4379 | D:3      | Found a runed translucent door.
  4380 | D:3      | Noticed Crazy Yiuf
  4618 | D:3      | Found a runed translucent gate.
  4619 | D:3      | Found a runed translucent gate.
  4621 | D:3      | Noticed Kono's ghost (amateur GrMo)
  4623 | D:3      | Identified the +4 chain mail of Classification {rC- Int+3}
  4624 | D:3      | Found a roughly hewn altar of Beogh.
  4904 | D:3      | Killed an ogre
  4904 | D:3      | Reached skill level 6 in Necromancy
  4904 | D:3      | Reached XP level 6. HP: 33/46 MP: 1/12
  5403 | D:4      | Reached skill level 5 in Spellcasting
  5615 | D:4      | Reached XP level 7. HP: 28/52 MP: 7/14
  5791 | D:4      | Reached skill level 7 in Necromancy
  5928 | D:4      | Killed from afar by an orc priest

Levels and vault maps discovered:
D:1:      dpeg_arrival_snail, layout_basic, minivault_26, grunt_decor_arrowhead,
          minmay_unequal
D:2:      layout_rooms
D:3:      layout_basic, biasface_ghost_orc_armoury, first_ration,
          minmay_misc_feat_square, minmay_cupped, uniq_crazy_yiuf_cottage,
          uniq_terence
D:4:      layout_rooms, kiku_gazebo_pond_becter, minmay_misc_feat_five

Skill      XL: |  1  2  3  4  5  6  7 |
---------------+----------------------+-----
Spellcasting   | 3 4 5 |  5.4
Fighting       | 1 2 3 |  3.7
Necromancy     | 5 6 7 |  7.0
Dodging        | |  1.5
Stealth        | |  1.5

Action                   |  1- 3 |  4- 6 |  7- 9 || total
-------------------------+-------+-------+-------++-------
Melee: Unarmed           |     1 |       |       ||     1
       Dagger            |     7 |       |       ||     7
       Short sword       |     7 |    18 |       ||    25
 Cast: Pain              |   104 |   134 |    20 ||   258
       Vampiric Draining |       |     5 |     6 ||    11
  Use: Scroll            |       |     5 |       ||     5
Armor: Robe              |    10 |    21 |       ||    31
Dodge: Dodged            |    29 |    55 |     3 ||    87
